 Dungeon Crawl Stone Soup version 0.26-a0-708-g17f3b190f9 (webtiles) character file.

Game seed: 14906416777888463308

1564 lunkers the Cleaver (level 8, -11/76 HPs)
             Began as a Deep Dwarf Fighter on Oct 28, 2020.
             Mangled by a hornet (13 damage)
             ... on level 7 of the Dungeon.
             The game lasted 00:09:45 (4152 turns).

lunkers the Cleaver (Deep Dwarf Fighter)            Turns: 4152, Time: 00:09:46

Health: -11/76     AC:  8    Str: 20    XL:     8   Next: 58%
Magic:  6/6        EV: 10    Int:  9    God:
Gold:   239        SH:  9    Dex: 14    Spells: 7/7 levels left

rFire    . . .     SeeInvis .   a - +0 war axe
rCold    . . .     Faith    .   c - +0 kite shield
rNeg     . . .     Spirit   .   b - +0 scale mail
rPois    .         Reflect  .   C - +2 hood of the Assassin {Detection Stab+ Stlth++}
rElec    .         Harm     .   t - scarf {+Inv}
rCorr    .         Rampage  .   (no gloves)
MR       +....                  (no boots)
Stlth    ++........             n - amulet of the acrobat
HPRegen  0.00/turn              (no ring)
MPRegen  0.10/turn              (no ring)

@: lethally poisoned (-11 -> -34), non-regenerating, slowed, very slow
A: damage resistance, heal wounds, sense surroundings 1, no regeneration
a: Heal Wounds, Evoke Invisibility


You were on level 7 of the Dungeon.
You visited 1 branch of the dungeon, and saw 7 of its levels.

You collected 239 gold pieces.

Inventory:

Hand Weapons
 a - a +0 war axe (weapon)
Armour
 b - a +0 scale mail (worn)
 c - a +0 kite shield (worn)
 t - a scarf of invisibility (worn)
 C - the +2 hood of the Assassin (worn) {Detection Stab+ Stlth++}
   (You found it on level 6 of the Dungeon)

   It makes you much more stealthy.
Jewellery
 n - an amulet of the acrobat (around neck)
Wands
 h - a wand of flame (8)
Scrolls
 e - 3 scrolls of blinking
 f - 4 scrolls of magic mapping {unknown}
 i - 3 scrolls of remove curse
 j - 5 scrolls of identify
 l - 2 scrolls of noise {unknown}
 o - 2 scrolls of amnesia {unknown}
 p - a scroll of random uselessness {unknown}
 u - 2 scrolls of enchant armour {unknown}
 x - a scroll of teleportation {unknown}
 y - 2 scrolls of enchant weapon {unknown}
Potions
 d - a potion of might
 g - 2 potions of heal wounds
 k - a potion of brilliance {unknown}
 q - 3 potions of degeneration {unknown}
 r - a potion of flight {unknown}
 s - a potion of lignification {unknown}
 v - 3 potions of curing {unknown}
 w - a potion of ambrosia {unknown}
 z - a potion of haste {unknown}


   Skills:
 + Level 5.6 Fighting
 * Level 8.8 Axes
 - Level 3.2 Armour
 - Level 5.0 Dodging
 - Level 4.0 Shields


You had 7 spell levels left.
You didn't know any spells.
Your spell library contained the following spells:

 Spells                   Type           Power        Failure   Level
 Confusing Touch          Hex            #.......     100%        3
 Gell's Gravitas          Tloc           #.........   100%        3
 Petrify                  Tmut/Erth      #.......     100%        4
 Metabolic Englaciation   Hex/Ice        #.........   100%        5
 Yara's Violent Unravell  Hex/Tmut       #.........   100%        5


Dungeon Overview and Level Annotations

Branches:
Dungeon (7/15)             Temple (0/1) D:6

Altars:
Dithmenos
Gozag
Hepliaklqana
Okawaru
Qazlal
Ru
Sif Muna
Vehumet
Xom
Zin

Annotations:
D:4 3 runed translucent doors, Melum's ghost, amateur FeTm


Innate Abilities, Weirdness & Mutations

You are resistant to damage.
You can heal yourself by infusing magical energy.
You passively map a small area around you.
You do not regenerate.


Message History

You are more poisoned.
You shrug off the repeated paralysis!
The hornet stings you.
You are more poisoned.
You feel as though you will be slow longer.
You feel very sick. The hornet stings you!
* * * LOW HITPOINT WARNING * * *
You are more poisoned.
You feel as though you will be slow longer.
The hornet stings you!
* * * LOW HITPOINT WARNING * * *
You feel as though you will be slow longer.
You can move again.
Unknown command.
Unknown command.
You fail to use your ability.
* * * LOW HITPOINT WARNING * * *
You feel very sick. The hornet stings you!
You die...

* ############
#######
+..........#
......#
#..........# .....
,
#..........#,,....
, * ########...#
..# , * ,
....##...###y.##.#
, ,
#...........@.....#
,
#.................#
*
#######..#######+##
, , , ##..######..#
* ,,,#....>......#,
, +...........# *
*###.##..##..# * ,
* #.##..##..## ,
#.....>....#


You could see a hornet.

Vanquished Creatures
  Menkaure (D:4)
  An orc warrior (D:6)
  A phantom (D:4)
  An ogre (D:5)
  An ice beast (D:5)
  2 bullfrogs (D:4)
  A howler monkey (D:4)
  A hound (D:2)
  2 orc priests
  A jelly (D:6)
  8 orc wizards
  3 iguanas
  Ijyb (D:4)
  Natasha (thrice) (D:4)
  A worker ant (D:4)
  7 gnolls
  4 river rats (D:4)
  12 adders
  3 shadow imps
  3 white imps
  2 adder skeletons
  4 worms
  2 dart slugs
  2 leopard geckos (D:2)
  14 orcs
  10 bats
  3 giant cockroaches
  8 goblins
  9 hobgoblins
  11 jackals
  3 kobolds
  2 quokkas
  4 frilled lizards
  A leopard gecko skeleton (D:2)
  3 rats (D:3)
135 creatures vanquished.

Vanquished Creatures (others)
  An orc wizard (D:4)
  2 fungi (D:4)
  2 plants (D:4)
5 creatures vanquished.

Grand Total: 140 creatures vanquished

Notes
Turn   | Place    | Note
-------+----------+-------------------------------------------
     0 | D:1      | lunkers the Deep Dwarf Fighter began the quest for the Orb.
     0 | D:1      | Reached XP level 1. HP: 20/20 MP: 1/1
   124 | D:1      | Reached XP level 2. HP: 8/27 MP: 2/2
   377 | D:1      | Reached skill level 1 in Dodging
   730 | D:2      | Reached XP level 3. HP: 23/33 MP: 3/3
   745 | D:2      | Reached skill level 3 in Axes
   799 | D:2      | Reached XP level 4. HP: 34/42 MP: 4/4
   939 | D:2      | Reached skill level 4 in Axes
   939 | D:2      | Reached XP level 5. HP: 20/49 MP: 5/5
  1038 | D:2      | Found a shadowy altar of Dithmenos.
  1066 | D:2      | Noticed an air elemental
  1068 | D:2      | Found a stormy altar of Qazlal.
  1069 | D:2      | Noticed a fire elemental
  1069 | D:2      | Noticed a water elemental
  1295 | D:3      | Reached XP level 6. HP: 47/57 MP: 6/6
  1320 | D:3      | Reached skill level 5 in Axes
  1543 | D:3      | Found a sacrificial altar of Ru.
  1631 | D:3      | Found a hazy altar of Hepliaklqana.
  1761 | D:4      | Found a runed translucent gate.
  1761 | D:4      | Found a runed translucent gate.
  1761 | D:4      | Found a runed translucent gate.
  1761 | D:4      | Noticed Melum's ghost (amateur FeTm)
  1793 | D:4      | Noticed Natasha
  1798 | D:4      | Killed Natasha
  1806 | D:4      | Reached XP level 7. HP: 38/64 MP: 7/7
  1809 | D:4      | Reached skill level 6 in Axes
  1859 | D:4      | Found a shimmering altar of Xom.
  1861 | D:4      | Found a radiant altar of Vehumet.
  1940 | D:4      | Noticed Menkaure
  1946 | D:4      | Killed Menkaure
  2045 | D:4      | Noticed Ijyb
  2056 | D:4      | Killed Ijyb
  2111 | D:4      | Noticed Natasha
  2117 | D:4      | Killed Natasha
  2151 | D:4      | Noticed Natasha
  2155 | D:4      | Killed Natasha
  2155 | D:4      | Reached skill level 7 in Axes
  2215 | D:4      | Found an opulent altar of Gozag.
  2216 | D:4      | Found a glowing silver altar of Zin.
  2258 | D:4      | Found an iron altar of Okawaru.
  2377 | D:4      | Found a shimmering blue altar of Sif Muna.
  2559 | D:4      | Reached XP level 8. HP: 46/73 MP: 8/8
  2700 | D:5      | Entered Level 5 of the Dungeon
  2894 | D:5      | Reached skill level 5 in Fighting
  3051 | D:5      | Reached skill level 5 in Dodging
  3062 | D:5      | Reached skill level 8 in Axes
  3782 | D:6      | Found the +2 hood of the Assassin {Detection Stab+ Stlth++}
  3827 | D:6      | Found a staircase to the Ecumenical Temple.
  4141 | D:7      | Noticed a hornet
  4150 | D:7      | Paralysed by a hornet for 3 turns
  4152 | D:7      | HP: 2/76 [poisoned by a hornet]
  4152 | D:7      | Mangled by a hornet

Illustrated notes

Levels and vault maps discovered:
D:1:      scummos_arrival_simple_fountains, layout_basic
D:2:      layout_rooms, lemuel_doored_altar, nicolae_qazlal_style_of_elements
D:3:      layout_rooms, nicolae_overflow_crystal_walls,
          nicolae_ru_the_path_less_chosen
D:4:      layout_basic, grunt_temple_overflow_gold_and_silver,
          kennysheep_mini_moat, grunt_temple_overflow_open,
          gammafunk_ghost_nasty_kobolds, portal_sewer_entry_b,
          lemuel_blue_sif_altar, uniq_natasha, uniq_menkaure, uniq_ijyb
D:5:      layout_gridville
D:6:      layout_rooms, minmay_temple_entry_hall, chequers_serial_rivers_marsh,
          amethyst_killhole, minmay_tree_intersection, minivault_24
D:7:      layout_gridville, serial_shops, kennysheep_little_box

Skill      XL: |  1  2  3  4  5  6  7  8 |
---------------+-------------------------+-----
Dodging        | 1 2 3 4 5 |  5.0
Fighting       | 3 4 5 |  5.6
Axes           | 3 4 5 7 8 |  8.8
Shields        | 4 |  4.0
Armour         | |  3.2

Action                   |  1- 3 |  4- 6 |  7- 9 || total
-------------------------+-------+-------+-------++-------
Melee: War axe           |    93 |   194 |   191 ||   478
 Abil: Heal Wounds       |     2 |     4 |     8 ||    14
  Use: Scroll            |       |       |     3 ||     3
Armor: Scale mail        |    58 |   134 |    38 ||   230
Dodge: Dodged            |    47 |    96 |    74 ||   217
Block: Kite shield       |    69 |   122 |    80 ||   271

Table legend: (Time is in decaauts)
 A = Elapsed time spent in this place.
 B = Non-inter-level travel time spent in this place.
 C = Inter-level travel time spent in this place.
 D = Time resting spent in this place.
 E = Time spent auto-exploring this place.
 F = Levels seen in this place.
 G = Mean time per level.
                   A        B        C        D        E       F      G
               +--------+--------+--------+--------+--------+-----+--------+
         Total |   4325 |   4171 |    154 |      0 |   2890 |   7 |  617.9 |
       Dungeon |   4325 |   4171 |    154 |      0 |   2890 |   7 |  617.9 |
               +--------+--------+--------+--------+--------+-----+--------+

Top non-repeatable levels by time:
     D:4: 1038 daAuts
     D:5: 797 daAuts
     D:1: 759 daAuts
     D:6: 633 daAuts
     D:3: 561 daAuts
     D:2: 487 daAuts
     D:7: 47 daAuts
